 Dungeon Crawl Stone Soup version bcrawl-1.20.1 (webtiles) character file.

Game seed: 12612051560985969301

1986 Bnni the Sneak (level 9, -6/82 HPs)
             Began as an Oni Wizard on Jan 27, 2020.
             Mangled by a cyan ugly thing (15 damage)
             ... on level 6 of the Dungeon.
             The game lasted 00:19:40 (8516 turns).

Bnni the Sneak (Oni Wizard)                         Turns: 8516, Time: 00:19:41

Health: -6/82      AC:  4    Str: 19    XL:     9   Next: 21%
Magic:  1/18       EV: 12    Int: 20    God:
Gold:   466        SH:  4    Dex: 13    Spells: 4/18 levels left

rFire    . . .     SeeInvis .   z - +8 whip "Orb Guardian's Foe" {pain, +Inv rN+}
rCold    + . .     Gourm    +   t - +0 buckler
rNeg     + . .     Faith    .   w - +0 robe "Moch" {Str+7 Dex+2} (curse)
rPois    +         Spirit   .   c - +0 hat
rElec    .         Reflect  .   (no cloak)
rCorr    .         Harm     .   (no gloves)
MR       .....                  j - +1 pair of boots
Stlth    +++.......             y - amulet of the gourmand
HPRegen  0.23/turn              (no ring)
MPRegen  0.16/turn              (no ring)

@: lethally poisoned (-6 -> -7)
A: oni magic, claws 1, fangs 1, horns 1, cold resistance 1, poison resistance,
robust 1
a: Evoke Invisibility


You were on level 6 of the Dungeon.
You were very full.

You visited 1 branch of the dungeon, and saw 6 of its levels.

You collected 466 gold pieces.

Inventory:

Hand Weapons
 i - a +0 trident
 x - a +1 dagger of electrocution
 z - the +8 whip "Orb Guardian's Foe" (weapon) {pain, +Inv rN+}
   (You found it on level 5 of the Dungeon)

   In the hands of one skilled in necromantic magic, it inflicts extra damage on
   living creatures.
   It protects you from negative energy.
   It lets you turn invisible.
Armour
 c - a +0 hat (worn)
 j - a +1 pair of boots (worn)
 t - a +0 buckler (worn)
 w - the cursed +0 robe "Moch" (worn) {Str+7 Dex+2}
   (You found it on level 5 of the Dungeon)

   It affects your strength (+7).
   It affects your dexterity (+2).
   It has a curse placed upon it.
Magical Staves
 p - an uncursed staff of poison {unknown}
Jewellery
 r - an uncursed ring of fire
 y - an amulet of the gourmand (around neck)
Scrolls
 a - a scroll of amnesia
 d - 2 scrolls of remove curse
 g - 2 scrolls of identify
 h - 2 scrolls of teleportation
 k - 2 scrolls of enchant weapon
 m - 2 scrolls of fog
 o - a scroll of enchant armour
 q - a scroll of blinking
 u - a scroll of silence {unknown}
Potions
 b - a potion of mutation
 f - 3 potions of brilliance
 l - a potion of haste
 n - a potion of curing
 v - a potion of heal wounds
Comestibles
 e - 8 rations {!d}


   Skills:
 + Level 5.7 Fighting
 - Level 1.7 Dodging
 * Level 6.7 Stealth
 * Level 2.2 Shields
 + Level 5.2 Spellcasting
   Level 5.2 Conjurations
   Level 5.2 Hexes
   Level 5.2 Charms
   Level 5.2 Summonings
   Level 5.2 Necromancy
   Level 5.2 Translocations
   Level 5.2 Transmutations
   Level 5.2 Fire Magic
   Level 5.2 Ice Magic
   Level 5.2 Air Magic
   Level 5.2 Earth Magic
   Level 5.2 Poison Magic


You had 4 spell levels left.
You knew the following spells:

 Your Spells              Type           Power        Failure   Level  Hunger
b - Blink                 Tloc           N/A          1%          2    None
c - Ensorcelled Hibernat  Hex/Ice        ####..       2%          2    None
d - Airstrike             Air            ####......   12%         4    ####...
f - Mephitic Cloud        Conj/Pois/Air  ####....     5%          3    ##.....
g - Ignite Poison         Fire/Tmut/Pois ####....     5%          3    ##.....

Your spell library contained the following spells:

 Spells                   Type           Power        Failure   Level  Hunger
 Apportation              Tloc           ####..       1%          1    None
 Magic Dart               Conj           ####         1%          1    None
 Call Imp                 Summ           ####..       1%          2    None
 Conjure Flame            Conj/Fire      ####....     4%          3    ##.....
 Spider Form              Tmut/Pois      ###          4%          3    ##.....


Dungeon Overview and Level Annotations

Branches:
Dungeon (6/12)
 Temple: D:4-7

Altars:
Elyvilon
Nemelex Xobeh
Okawaru
Ru
Uskayaw
Wu Jian


Innate Abilities, Weirdness & Mutations

You learn spells by gaining experience, not through books or religion.
You only train spellcasting to practice magic.
You have sharp fingernails.
You have very sharp teeth.
You have a pair of small horns on your head.
Your flesh is cold resistant. (rC+)
Your system is resistant to poisons. (rPois)
You are robust. (+10% HP)


Message History

Your headbutt misses the cyan ugly thing.
The cyan ugly thing is almost dead.
The cyan ugly thing closely misses you.
You whack the cyan ugly thing! Your bite misses the cyan ugly thing.
The cyan ugly thing is almost dead.
You feel sick. You block the cyan ugly thing's attack.
You closely miss the cyan ugly thing.
The cyan ugly thing is almost dead.
The cyan ugly thing barely misses you. The cyan ugly thing trunk-slaps you!
The cyan ugly thing shocks you!
You closely miss the cyan ugly thing. You bite the cyan ugly thing.
The cyan ugly thing is almost dead.
The cyan ugly thing trunk-slaps you. The cyan ugly thing shocks you!
* * * LOW HITPOINT WARNING * * *
You closely miss the cyan ugly thing.
The cyan ugly thing is almost dead.
The cyan ugly thing trunk-slaps you!
* * * LOW HITPOINT WARNING * * *
The cyan ugly thing shocks you!
You die...

#.....###...####......##
#.<..##
##....##..##)..########
##...##
##.<....####.......... #...##
#......# #.......... ##..##
##....## ##...#####.. #...#
##...# ##...## #.. ....###
###...###...## #..
......#######...........# ##.
........##....[.@u.....### #.
#######......####........####
#. # ##..####
#...........####. # #..#
#.....###........ ##.##
#.....# #####.... #..#
#.#...# ##... #..#####..##..#
##.... ##........####.#
###....# #.#.######.# #.
#..#####


You could see a cyan ugly thing.

Vanquished Creatures
  A troll (D:6)
  A black bear (D:5)
  An ice beast (D:5)
  A sky beast (D:6)
  4 ogres
  2 phantoms (D:6)
  3 centaurs
  A bullfrog (D:6)
  A scorpion (D:6)
  2 howler monkeys
  3 crimson imps (D:5)
  A bullfrog skeleton (D:6)
  A hound (D:4)
  An orc wizard (D:5)
  An iguana (D:5)
  7 worker ants
  Robin (D:4)
  4 adders
  A shadow imp (D:5)
  An ooze (D:1)
  2 adder zombies
  3 worms
  3 dart slugs
  8 leopard geckos
  10 orcs
  3 bats
  3 giant cockroaches
  6 goblins
  9 hobgoblins
  9 jackals (D:4)
  3 quokkas
  A ball python (D:3)
  5 frilled lizards
  12 kobolds
  A quokka skeleton (D:4)
  A rat (D:1)
117 creatures vanquished.

Notes
Turn   | Place    | Note
-------+----------+-------------------------------------------
     0 | D:1      | Bnni the Oni Wizard began the quest for the Orb.
     0 | D:1      | Reached XP level 1. HP: 14/14 MP: 5/5
   303 | D:1      | Reached XP level 2. HP: 22/22 MP: 1/7
   493 | D:1      | Reached skill level 1 in Fighting
   551 | D:1      | Learned a level 2 spell: Blink
   854 | D:1      | Reached XP level 3. HP: 28/28 MP: 3/9
  1785 | D:2      | Found a white marble altar of Elyvilon.
  2105 | D:2      | Found a sparkling altar of Nemelex Xobeh.
  2350 | D:2      | Learned a level 3 spell: Mephitic Cloud
  2811 | D:3      | Reached XP level 4. HP: 32/36 MP: 1/10
  2813 | D:3      | Noticed an ogre
  3456 | D:2      | HP: 1/36 [ogre/+0 giant club (24)]
  3596 | D:2      | Killed an ogre
  3596 | D:2      | Reached XP level 5. HP: 13/42 MP: 1/12
  3842 | D:3      | Found a faded altar of an unknown god.
  4067 | D:3      | Learned a level 2 spell: Ensorcelled Hibernation
  4293 | D:4      | Gained mutation: Your system is resistant to poisons.
                  | (rPois) [potion of mutation]
  4293 | D:4      | Gained mutation: Your flesh is cold resistant. (rC+)
                  | [potion of mutation]
  4293 | D:4      | Gained mutation: You are robust. (+10% HP) [potion of
                  | mutation]
  4296 | D:4      | Reached skill level 2 in Stealth
  4296 | D:4      | Reached XP level 6. HP: 16/55 MP: 7/13
  4701 | D:4      | Noticed Robin
  4719 | D:4      | Killed Robin
  4920 | D:4      | Found an ornate altar of the Wu Jian Council.
  5559 | D:5      | Entered Level 5 of the Dungeon
  5576 | D:5      | Reached skill level 3 in Stealth
  5581 | D:5      | Got a sheer robe
  5597 | D:4      | Identified the cursed +0 robe "Moch" {Str+7 Dex+2} (You
                  | found it on level 5 of the Dungeon)
  5763 | D:5      | Reached XP level 7. HP: 56/62 MP: 15/15
  5780 | D:5      | Found a hide-covered altar of Uskayaw.
  5863 | D:5      | Reached skill level 4 in Stealth
  6162 | D:5      | Found a glowing drain.
  6416 | D:5      | Found an iron altar of Okawaru.
  6461 | D:5      | Reached XP level 8. HP: 49/73 MP: 11/16
  6622 | D:5      | Learned a level 4 spell: Airstrike
  6646 | D:5      | Reached skill level 5 in Stealth
  6651 | D:5      | Learned a level 3 spell: Ignite Poison
  6696 | D:5      | Got a slimy whip
  6809 | D:5      | Found a sacrificial altar of Ru.
  6977 | D:5      | Identified the +8 whip "Orb Guardian's Foe" {pain, +Inv
                  | rN+} (You found it on level 5 of the Dungeon)
  7048 | D:6      | Noticed a troll
  7058 | D:6      | Killed a troll
  7314 | D:6      | Reached skill level 5 in Fighting
  7335 | D:6      | Reached skill level 6 in Stealth
  7490 | D:6      | Reached skill level 5 in Spellcasting
  7660 | D:6      | Reached skill level 1 in Shields
  7660 | D:6      | Reached XP level 9. HP: 80/81 MP: 7/18
  8188 | D:6      | Noticed a cyan ugly thing
  8516 | D:6      | Mangled by a cyan ugly thing

Skill      XL: |  1  2  3  4  5  6  7  8  9 |
---------------+----------------------------+-----
Fighting       | 1 2 3 4 5 |  5.7
Spellcasting   | 3 4 5 |  5.2
Stealth        | 2 3 4 6 |  6.7
Shields        | 1 2 |  2.2
Dodging        | |  1.7
Conjurations   | |  5.2
Hexes          | |  5.2
Charms         | |  5.2
Summonings     | |  5.2
Necromancy     | |  5.2
Translocations | |  5.2
Transmutations | |  5.2
Fire Magic     | |  5.2
Ice Magic      | |  5.2
Air Magic      | |  5.2
Earth Magic    | |  5.2
Poison Magic   | |  5.2

Action                   |  1- 3 |  4- 6 |  7- 9 || total
-------------------------+-------+-------+-------++-------
Melee: Staff             |   104 |    24 |       ||   128
       Headbutt          |    10 |    16 |    27 ||    53
       Bite              |     6 |     9 |    18 ||    33
       Dagger            |       |   155 |    90 ||   245
       Trident           |       |    24 |       ||    24
       Whip              |       |       |    68 ||    68
 Cast: Magic Dart        |    53 |    24 |       ||    77
       Mephitic Cloud    |     2 |    11 |     8 ||    21
       Ensorcelled Hiber |       |    14 |    14 ||    28
       Airstrike         |       |       |    12 ||    12
       Ignite Poison     |       |       |     5 ||     5
       Blink             |       |       |     2 ||     2
  Use: Potion            |       |     5 |       ||     5
       Scroll            |       |     2 |    12 ||    14
 Stab: Sleeping          |     1 |     3 |     6 ||    10
       Confused          |       |       |     3 ||     3
  Eat: Chunk             |     6 |     5 |    24 ||    35
       Ration            |       |     3 |       ||     3
Armor: Animal skin       |     4 |       |       ||     4
       Leather armour    |    25 |    52 |       ||    77
       Skin              |       |    28 |       ||    28
       Robe              |       |     1 |    27 ||    28
Dodge: Dodged            |    56 |   149 |   115 ||   320
Block: Buckler           |       |       |     4 ||     4
